 Dungeon Crawl Stone Soup version 0.28.0-45-g0d030f2227 (webtiles) character file.

Game seed: 13200711428379089186

1619 Ablot the Cutter (level 8, 0/67 HPs)
             Began as a Gnoll Chaos Knight on Apr 10, 2022.
             Was a Plaything of Xom.
             Succumbed to a scorpion's poison
             ... on level 5 of the Dungeon.
             The game lasted 00:10:48 (4591 turns).

Ablot the Cutter (Gnoll Chaos Knight)               Turns: 4591, Time: 00:10:48

Health: 0/67       AC:  7    Str: 16      XL:     8   Next: 96%
Magic:  13/13      EV: 13    Int: 14      God:    Xom [..*...]
Gold:   352        SH:  0    Dex: 11 (12) Spells: 13/14 levels left

rFire   + . .      SeeInvis .   a - +0 short sword (chaos)
rCold   . . .      Faith    .   (no shield)
rNeg    . . .      Spirit   .   b - +2 leather armour
rPois   .          Reflect  .   B - +2 hat {Int+3}
rElec   .          Harm     .   (no cloak)
rCorr   .          Rampage  .   (no gloves)
Will    +....                   (no boots)
Stlth   ++........              h - amulet of regeneration
HPRegen 1.01/turn               u - ring of Otuunuw {rF+ Str+2}
MPRegen 0.13/turn               y - ring of willpower

@: lethally poisoned (0 -> -3), flying
A: fangs 1, strong nose, distributed training, screaming 1, wild magic 1,
MP-powered wands
a: Renounce Religion


You were on level 5 of the Dungeon.
You worshipped Xom.
You were a toy of Xom.
You visited 1 branch of the dungeon, and saw 6 of its levels.

You collected 352 gold pieces.

Inventory:

Hand Weapons
 a - a +0 short sword of chaos (weapon)
Missiles
 e - 6 javelins
 f - 9 poisoned darts (quivered)
 j - 254 stones
 k - 52 bolts
 x - 21 arrows
 G - 3 atropa-tipped darts
Armour
 b - a +2 leather armour (worn)
 B - a +2 hat of intelligence (worn)
 I - an orb of mayhem
Jewellery
 c - a ring of positive energy
 h - an amulet of regeneration (around neck)
 u - the ring of Otuunuw (left hand) {rF+ Str+2}
   (You found it on level 3 of the Dungeon)

   [ring of protection from fire]

   Str:       It affects your strength (+2).
   rF:        It protects you from fire.
 v - a ring of positive energy
 y - a ring of willpower (right hand)
 E - a ring of flight
 H - a ring of wizardry
Wands
 D - a wand of flame (18)
 F - a wand of acid (5)
Scrolls
 d - 3 scrolls of vulnerability {unknown}
 g - a scroll of fear {unknown}
 i - 4 scrolls of identify {unknown}
 l - 3 scrolls of teleportation {unknown}
 n - a scroll of amnesia {unknown}
 o - 4 scrolls of blinking {unknown}
 r - a scroll of immolation {unknown}
 s - a scroll of noise {unknown}
 w - a scroll of acquirement {unknown}
Potions
 m - a potion of mutation
 t - a potion of berserk rage {unknown}
 z - a potion of brilliance {unknown}
 A - a potion of ambrosia {unknown}
 C - a potion of degeneration {unknown}


   Skills:
 + Level 7.6 Fighting
 + Level 7.6 Short Blades
 + Level 3.7 Long Blades
 + Level 3.7 Axes
 + Level 3.7 Maces & Flails
 + Level 3.7 Polearms
 + Level 3.7 Staves
 + Level 3.7 Slings
 + Level 3.7 Bows
 + Level 3.7 Crossbows
 + Level 3.7 Throwing
 + Level 6.0 Armour
 + Level 4.6 Dodging
 + Level 3.7 Stealth
 + Level 3.7 Shields
 + Level 3.7 Unarmed Combat
 + Level 3.7 Spellcasting
 + Level 3.0 Conjurations
 + Level 3.0 Hexes
 + Level 3.0 Summonings
 + Level 3.0 Necromancy
 + Level 3.0 Translocations
 + Level 3.0 Transmutations
 + Level 3.0 Fire Magic
 + Level 3.0 Ice Magic
 + Level 3.0 Air Magic
 + Level 3.0 Earth Magic
 + Level 3.0 Poison Magic
 + Level 4.1 Invocations
 + Level 3.7 Evocations


You had 13 spell levels left.
You knew the following spells:

 Your Spells              Type           Power      Damage    Failure   Level
a - Freeze                Ice            56%        1d7       11%         1

Your spell library contained the following spells:

 Spells                   Type           Power      Damage    Failure   Level
 Dazzling Flash           Conj/Hex       28%        N/A       28%         3
 Frozen Ramparts          Ice            28%        1d4       28%         3
 Ignite Poison            Fire/Tmut/Pois 14%        N/A       28%         3
 Mephitic Cloud           Conj/Pois/Air  14%        N/A       28%         3
 Portal Projectile        Hex/Tloc       28%        N/A       28%         3
 Hailstorm                Conj/Ice       14%        3d5       63%         4
 Iskenderun's Mystic Bla  Conj/Tloc      14%        2d5       63%         4
 Leda's Liquefaction      Hex/Erth       7%         N/A       63%         4
 Blade Hands              Tmut           7%         N/A       92%         5
 Excruciating Wounds      Necr           7%         N/A       92%         5
 Freezing Cloud           Conj/Ice/Air   7%         6-21      92%         5
 Lee's Rapid Deconstruct  Erth           7%         3d7*      92%         5
 Starburst                Conj/Fire      7%         6d4       100%        6
 Statue Form              Tmut/Erth      9%         N/A       100%        6


Dungeon Overview and Level Annotations

Branches:
Dungeon (6/15)             Temple (0/1) D:5

Altars:
Dithmenos
Yredelemnul


Innate Abilities, Weirdness & Mutations

You have very sharp teeth.
Your uncanny sense of smell can sniff out nearby items.
Your experience applies equally to all skills.
You occasionally shout uncontrollably at your foes.
Your spells are a little harder to cast, but a little more powerful.
You expend magic power (3 MP) to strengthen your wands.


Message History

You feel sick.
You are no longer poisoned.
Something stings you.
* * * LOW HITPOINT WARNING * * *
You are lethally poisoned!
Something poisons you!
Unknown command.
Unknown command.
It was a potion of heal wounds.
You feel much better.
You feel very sick. Something stings you.
* * * LOW HITPOINT WARNING * * *
Something stings you but does no damage.
Unknown command.
You feel sick.
There is a stone staircase leading down here.
You feel sick.
Something stings you but does no damage.
You feel sick. Something stings you!
* * * LOW HITPOINT WARNING * * *
You are more poisoned.
Something poisons you!
Unknown command.
You feel much better.
You feel very sick. Something stings you.
* * * LOW HITPOINT WARNING * * *
Something stings you.
* * * LOW HITPOINT WARNING * * *
Unknown command.
You feel very sick.
You feel sick. Something stings you!
* * * LOW HITPOINT WARNING * * *
Unknown command.
It was a potion of flight.
You feel very buoyant.
You fly up into the air.
Xom roars with laughter!
You die...
Xom bursts into laughter!

### #.# ### #### #.#### #.######
#..####....##### #.......
#..............###### #.......
#...###.###...@.....####.......
###.# #.# #####..##............
#.# #.########..#####........
#.###.#.....>....#####.####).
#.....#.....[........#.# #..
####..#..........###...####..
##............###......... ######
#.#......................
.....####.##.......#####.........


There were no monsters in sight!

Vanquished Creatures
  Grinder (D:5)
  Sigmund (D:2)
  A sky beast (D:6)
  An ice beast (D:5)
  A necrophage (D:4)
  An ogre (D:4)
  A bullfrog (D:5)
  A water moccasin skeleton (D:5)
  A wight (D:5)
  A bullfrog zombie (D:6)
  A centaur zombie (D:6)
  A bullfrog skeleton (D:5)
  2 jellies (D:4)
  An orc priest (D:4)
  A hound (D:4)
  3 iguanas
  3 orc wizards
  2 hound skeletons (D:4)
  3 gnolls (D:4)
  2 adders (D:2)
  An ufetubus (D:5)
  A worm (D:3)
  10 orcs
  9 endoplasms
  4 giant cockroaches
  6 goblins
  4 hobgoblins
  5 kobolds
  9 ball pythons
  5 bats
  3 frilled lizards
  7 rats
93 creatures vanquished.

Vanquished Creatures (collateral kills)
  An ogre (D:5)
  An orc priest (D:4)
  An iguana (D:5)
  An endoplasm (D:4)
  A kobold (D:4)
5 creatures vanquished.

Vanquished Creatures (others)
  An ogre (D:5)
1 creature vanquished.

Grand Total: 99 creatures vanquished

Notes
Turn   | Place    | Note
-------+----------+-------------------------------------------
     0 | D:1      | Ablot the Gnoll Chaos Knight began the quest for the Orb.
     0 | D:1      | Reached XP level 1. HP: 23/23 MP: 1/1
    41 | D:1      | XOM: silly message
    50 | D:1      | Found a faded altar of an unknown god.
   143 | D:1      | XOM: silly message
   283 | D:1      | Reached XP level 2. HP: 29/29 MP: 2/2
   419 | D:1      | You fall into a shaft and drop 1 floor!
   837 | D:2      | XOM: noise
   851 | D:2      | Reached XP level 3. HP: 35/35 MP: 3/3
  1003 | D:2      | XOM: 9-stop teleportation journey
  1008 | D:2      | XOM: smoke on damage
  1125 | D:2      | Reached skill level 1 in Invocations
  1175 | D:2      | Noticed Sigmund
  1177 | D:2      | XOM: enchant monster (good)
  1178 | D:2      | XOM: cleaving
  1187 | D:2      | Killed Sigmund
  1188 | D:2      | Reached skill level 1 in Long Blades
  1188 | D:2      | Reached skill level 1 in Axes
  1188 | D:2      | Reached skill level 1 in Maces & Flails
  1188 | D:2      | Reached skill level 1 in Polearms
  1188 | D:2      | Reached skill level 1 in Staves
  1188 | D:2      | Reached skill level 1 in Slings
  1188 | D:2      | Reached skill level 1 in Bows
  1188 | D:2      | Reached skill level 1 in Crossbows
  1188 | D:2      | Reached skill level 1 in Throwing
  1188 | D:2      | Reached skill level 1 in Stealth
  1188 | D:2      | Reached skill level 1 in Shields
  1188 | D:2      | Reached skill level 1 in Unarmed Combat
  1188 | D:2      | Reached skill level 1 in Spellcasting
  1188 | D:2      | Reached skill level 1 in Conjurations
  1188 | D:2      | Reached skill level 1 in Hexes
  1188 | D:2      | Reached skill level 1 in Summonings
  1188 | D:2      | Reached skill level 1 in Necromancy
  1188 | D:2      | Reached skill level 1 in Translocations
  1188 | D:2      | Reached skill level 1 in Transmutations
  1188 | D:2      | Reached skill level 1 in Fire Magic
  1188 | D:2      | Reached skill level 1 in Ice Magic
  1188 | D:2      | Reached skill level 1 in Air Magic
  1188 | D:2      | Reached skill level 1 in Earth Magic
  1188 | D:2      | Reached skill level 1 in Poison Magic
  1188 | D:2      | Reached skill level 1 in Evocations
  1188 | D:2      | Reached XP level 4. HP: 41/41 MP: 4/6
  1188 | D:2      | Reached XP level 5. HP: 47/47 MP: 4/7
  1486 | D:2      | Reached XP level 6. HP: 53/53 MP: 8/8
  1871 | D:3      | XOM: 4-stop teleportation journey
  1945 | D:3      | Identified the ring of Otuunuw {rF+ Str+2}
  2009 | D:3      | XOM: god gift: 33 gold pieces
  2120 | D:3      | XOM: give mutation
  2120 | D:3      | Gained mutation: Your spells are a little harder to cast,
                  | but a little more powerful. [Xom's mischief]
  2550 | D:4      | XOM: cast spell 'Olgreb's Toxic Radiance'
  2553 | D:4      | Reached skill level 5 in Armour
  2557 | D:4      | XOM: butterfly on damage
  2652 | D:4      | XOM: fog
  2681 | D:4      | Reached XP level 7. HP: 41/59 MP: 10/10
  2795 | D:4      | XOM: 1-stop teleportation journey
  3220 | D:4      | XOM: god gift: +2 hat of intelligence
  3264 | D:4      | XOM: give mutations
  3264 | D:4      | Gained mutation: You passively map a small area around you.
                  | [Xom's grace]
  3264 | D:4      | Gained mutation: You are covered in fur. (AC +1) [Xom's
                  | grace]
  3564 | D:5      | Entered Level 5 of the Dungeon
  3593 | D:4      | XOM: god gift: book of Weapons
  3597 | D:4      | Learned a level 1 spell: Freeze
  3656 | D:5      | Found a staircase to the Ecumenical Temple.
  3709 | D:5      | XOM: potion effect (curing)
  3711 | D:5      | XOM: polymorph sky beast -> bullfrog
  3731 | D:5      | Reached XP level 8. HP: 51/67 MP: 12/12
  3748 | D:5      | Found a basalt altar of Yredelemnul.
  3748 | D:5      | Found a shadowy altar of Dithmenos.
  3749 | D:5      | XOM: god gift: scarf of harm
  3812 | D:5      | XOM: divine lightning
  4038 | D:5      | XOM: summons 3 friendly demons
  4071 | D:5      | Noticed Grinder
  4075 | D:5      | XOM: swap monsters
  4078 | D:5      | XOM: stat loss: -1 Dex (11/12)
  4119 | D:5      | Paralysed by Grinder for 6 turns
  4123 | D:5      | XOM: summons 3 hostile demons
  4126 | D:5      | Paralysed by Grinder for 2 turns
  4134 | D:5      | Paralysed by Grinder for 2 turns
  4162 | D:5      | Killed Grinder
  4264 | D:5      | XOM: stat loss: -1 Str (15/16)
  4381 | D:6      | XOM: silly message
  4409 | D:6      | XOM: confusion
  4547 | D:6      | XOM: fake destruction
  4559 | D:6      | XOM: enchant monster (bad)
  4569 | D:5      | XOM: smoke on damage
  4582 | D:5      | HP: 3/67 [something (7)]
  4583 | D:5      | Lost mutation: You are covered in fur. (AC +1) [potion of
                  | mutation]
  4583 | D:5      | Lost mutation: You passively map a small area around you.
                  | [potion of mutation]
  4583 | D:5      | Gained mutation: You occasionally shout uncontrollably at
                  | your foes. [potion of mutation]
  4583 | D:5      | Gained mutation: You expend magic power (3 MP) to
                  | strengthen your wands. [potion of mutation]
  4587 | D:5      | HP: 1/67 [something (9)]
  4591 | D:5      | Succumbed to a scorpion's poison

Illustrated notes

Levels and vault maps discovered:
D:1:      ncdulo_smallfort, layout_rooms, ebering_ecumenical_altar_box
D:2:      layout_basic, uniq_sigmund
D:3:      layout_basic
D:4:      layout_layer_cave
D:5:      layout_rooms, chequers_temple_overflow_statue_of_worship,
          minmay_temple_entry_large_hall, uniq_grinder
D:6:      layout_rooms

Skill      XL: |  1  2  3  4  5  6  7  8 |
---------------+-------------------------+-----
Invocations    | 1 2 3 4 |  4.1
Long Blades    | 1 2 3 |  3.7
Axes           | 1 2 3 |  3.7
Maces & Flails | 1 2 3 |  3.7
Polearms       | 1 2 3 |  3.7
Staves         | 1 2 3 |  3.7
Slings         | 1 2 3 |  3.7
Bows           | 1 2 3 |  3.7
Crossbows      | 1 2 3 |  3.7
Throwing       | 1 2 3 |  3.7
Dodging        | 3 4 |  4.6
Stealth        | 1 2 3 |  3.7
Shields        | 1 2 3 |  3.7
Unarmed Combat | 1 2 3 |  3.7
Spellcasting   | 1 2 3 |  3.7
Conjurations   | 1 2 3 |  3.0
Hexes          | 1 2 3 |  3.0
Summonings     | 1 2 3 |  3.0
Necromancy     | 1 2 3 |  3.0
Translocations | 1 2 3 |  3.0
Transmutations | 1 2 3 |  3.0
Fire Magic     | 1 2 3 |  3.0
Ice Magic      | 1 2 3 |  3.0
Air Magic      | 1 2 3 |  3.0
Earth Magic    | 1 2 3 |  3.0
Poison Magic   | 1 2 3 |  3.0
Evocations     | 1 2 3 |  3.7
Armour         | 5 6 |  6.0
Fighting       | 7 |  7.6
Short Blades   | 7 |  7.6

Action                   |  1- 3 |  4- 6 |  7- 9 || total
-------------------------+-------+-------+-------++-------
Melee: Short sword       |    70 |   125 |   336 ||   531
       Bite              |     7 |    14 |    44 ||    65
       Punch             |       |     2 |    11 ||    13
Throw: Dart              |       |       |     1 ||     1
  Use: Potion            |       |       |     4 ||     4
 Stab: Petrified         |     3 |       |     1 ||     4
       Sleeping          |       |     4 |       ||     4
       Paralysed         |       |     1 |     1 ||     2
       Petrifying        |       |       |     2 ||     2
       Confused          |       |       |     1 ||     1
Armor: Leather armour    |    25 |    27 |   128 ||   180
Dodge: Dodged            |    16 |    37 |   193 ||   246
